 Dungeon Crawl Stone Soup version 0.32-a0-131-g9dbbe29261 (webtiles) character file.

Game seed: 18128757703375014047

67 PriceMaster the Firebug (level 4, -4/27 HPs)
             Began as an Octopode Fire Elementalist on Feb 8, 2024.
             Slain by a black bear (7 damage)
             ... on level 3 of the Dungeon.
             The game lasted 00:03:33 (1790 turns).

PriceMaster the Firebug (OpFE)                      Turns: 1790, Time: 00:03:33

Health: -4/27      AC:  1    Str: 13    XL:     4   Next: 16%
Magic:  4/7        EV: 13    Int: 19    God:
Gold:   76         SH:  5    Dex: 12    Spells: 1/7 levels left

rFire   . . .        c - +0 spear
rCold   . . .        (no shield)
rNeg    . . .        (helmet restricted)
rPois   .            e - amulet of reflection
rElec   .            f - +6 ring of strength
rCorr   .            (no ring)
SInv    .            (no ring)
Will    .....        (no ring)
Stlth   +++          (no ring)
HPRegen 0.24/turn    (no ring)
MPRegen 0.10/turn    (no ring)
                     (no ring)

%: reflection
@: attractive, very slightly contaminated
A: almost no armour, amphibious, 8 rings, camouflage 1, gelatinous body 1,
(nimble swimmer 1), tentacles
a: no special abilities


You were on level 3 of the Dungeon.
You visited 1 branch of the dungeon, and saw 3 of its levels.

You collected 76 gold pieces.

Inventory:

Hand Weapons
 b - a +0 short sword
 c - a +0 spear (weapon)
Missiles
 h - a throwing net
Jewellery
 e - an amulet of reflection (around mantle)
 f - a +6 ring of strength (left tentacle)
 o - an amulet of guardian spirit
Scrolls
 d - a scroll of teleportation {unknown}
 g - a scroll of vulnerability {unknown}
 m - a scroll of fog {unknown}
Potions
 i - a potion of attraction
 j - a potion of curing {unknown}
 k - a potion of mutation {unknown}
 l - a potion of heal wounds {unknown}
 n - a potion of ambrosia {unknown}
 p - a potion of haste {unknown}
 q - a potion of degeneration {unknown}


   Skills:
 + Level 0.2 Fighting
 + Level 1.3 Polearms
 + Level 2.2 Dodging
 + Level 3.3 Stealth
 + Level 2.4 Spellcasting
 + Level 1.1 Conjurations
 + Level 3.6 Fire Magic


You had one spell level left.
You knew the following spells:

 Your Spells              Type           Power      Damage    Failure   Level
a - Foxfire               Conj/Fire      44%        2x1d6     6%          1
b - Scorch                Fire           32%        2d6       5%          2
c - Inner Flame           Hex/Fire       9%         N/A       22%         3

Your spell library contained the following spells:

 Spells                   Type           Power      Damage    Failure   Level
 Apportation              Tloc           4%         N/A       16%         1
 Volatile Blastmotes      Fire/Tloc      18%        2d11      22%         3
 Jinxbite                 Hex            4%         N/A       24%         2
 Flame Wave               Conj/Fire      11%        2d6       52%         4
 Alistair's Intoxication  Alch           1%         N/A       99%         5


Dungeon Overview and Level Annotations

Branches:
Dungeon (3/15)

Altars:

Shops:
D:1 [


Innate Abilities, Weirdness & Mutations

You cannot wear most types of armour.
You are amphibious.
You can wear up to eight rings at the same time.
Your skin changes colour to match your surroundings (Stealth+).
Your rubbery body absorbs attacks. (AC +1, EV +1)
((You are camouflaged when in or above water. (Stealth+)))
You have tentacles for arms and can constrict up to eight enemies at once.


Message History

The black bear is lightly wounded.
The foxfire hits the black bear.
The black bear is lightly wounded.
Casting: Inner Flame (extremely dangerous; 22% risk of failure)
Confirm with . or Enter, or press ? or * to list all spells.
Aiming: Inner Flame (extremely dangerous; 22% risk of failure)
Press: ? - help, Dir - move target, f/p - black bear
Aim: a black bear (lightly wounded, chance to affect: 58%)
The black bear is filled with an inner flame.
You block the black bear's attack. The black bear claws you.
The black bear closely misses you. Magic courses through your body.
The black bear bites you. The black bear closely misses you. x2
Casting: Inner Flame (extremely dangerous; 22% risk of failure)
Confirm with . or Enter, or press ? or * to list all spells.
You miscast Foxfire.
Nothing appears to happen.
The black bear bites you but does no damage.
The black bear claws you. x2
Unknown command.
Casting: Foxfire (safe; 6% risk of failure)
Confirm with . or Enter, or press ? or * to list all spells.
You miscast Foxfire.
Nothing appears to happen.
The black bear bites you. You block the black bear's attack.
The black bear claws you.
* * * LOW HITPOINT WARNING * * *
Unknown command.
Casting: Foxfire (safe; 6% risk of failure)
Confirm with . or Enter, or press ? or * to list all spells.
You conjure some foxfire!
The black bear closely misses you. The black bear barely misses you.
The black bear claws you.
* * * LOW HITPOINT WARNING * * *
The foxfire hits the black bear.
Flame seeps out of the black bear.
The black bear is moderately wounded.
The foxfire hits the black bear but does no damage.
The black bear is moderately wounded.
The black bear is engulfed in blazing flames.
Flame seeps out of the black bear.
It was a potion of attraction.
You feel attractive to monsters. The black bear bites you!
You die...

## #### ##.#
...###
#....######.....
#.#...........#
#.#.#....# ../#
#......#.##...#
#........@§§..#
#.#..#...#h...#
#..##.##○...#
#..>..##....#
#.######....#
#.### ..<....
##...# ........
#....# .........
##....#.#.........


You could see a black bear (inner flame).

Vanquished Creatures
  An adder (D:2)
  A dart slug (D:2)
  A ribbon worm (D:2)
  7 ball pythons (D:2)
  7 endoplasms
  2 giant cockroaches (D:2)
  7 goblins
  3 hobgoblins
  3 quokkas
  5 bats
  7 kobolds
  6 rats
50 creatures vanquished.

Vanquished Creatures (others)
  39 foxfires
39 creatures vanquished.

Grand Total: 89 creatures vanquished

Notes
Turn   | Place    | Note
-------+----------+-------------------------------------------
     0 | D:1      | PriceMaster the Octopode Fire Elementalist began the quest
                  | for the Orb.
     0 | D:1      | Reached XP level 1. HP: 11/11 MP: 3/3
    28 | D:1      | Found Koituyp's Antique Armour Shop.
   183 | D:1      | Reached XP level 2. HP: 15/17 MP: 0/5
   186 | D:1      | Learned a level 2 spell: Scorch
   904 | D:2      | Reached XP level 3. HP: 21/21 MP: 6/6
  1250 | D:2      | Learned a level 3 spell: Inner Flame
  1411 | D:2      | Reached skill level 1 in Polearms
  1411 | D:2      | Reached XP level 4. HP: 27/27 MP: 7/7
  1411 | D:2      | Upgraded the game from 0.32-a0-128-g77eb882913 to
                  | 0.32-a0-131-g9dbbe29261
  1779 | D:3      | Noticed a black bear
  1790 | D:3      | Slain by a black bear

Illustrated notes

Levels and vault maps discovered:
D:1:      psy_arrival_fountain, layout_basic, serial_shops, shop,
          minmay_misc_feat_square, minmay_octomino_e4
D:2:      minmay_chambers_of_ones, layout_loops_ring, minmay_crystal_room,
          minmay_small_reverse_x
D:3:      wad_woods_settlement, layout_basic, nicolae_ru_sacrificial_ziggurat,
          chequers_serial_rivers_room_b, patterned_corridor

Skill      XL: |  1  2  3 |
---------------+----------+-----
Stealth        | 3 |  3.3
Polearms       | 1 |  1.3
Fighting       | |  0.2
Dodging        | |  2.2
Spellcasting   | |  2.4
Conjurations   | |  1.1
Fire Magic     | |  3.6

Action                     |  1- 3 |  4- 6 || total
---------------------------+-------+-------++-------
  Melee: Short sword       |    11 |       ||    11
         Constrict         |    14 |     3 ||    17
         Tentacles         |     9 |     2 ||    11
         Punch             |     4 |     1 ||     5
         Unarmed           |     2 |       ||     2
         Spear             |    53 |    12 ||    65
   Cast: Foxfire           |    24 |     2 ||    26
         Scorch            |     7 |       ||     7
         Inner Flame       |       |     1 ||     1
    Use: Scroll            |     1 |       ||     1
         Potion            |       |     2 ||     2
   Stab: Sleeping          |    10 |     3 ||    13
 Armour: Skin              |    25 |     9 ||    34
  Dodge: Dodged            |    28 |     7 ||    35
  Block: Other             |     1 |     2 ||     3

Table legend: (Time is in decaauts)
 A = Elapsed time spent in this place.
 B = Non-inter-level travel time spent in this place.
 C = Inter-level travel time spent in this place.
 D = Time resting spent in this place.
 E = Time spent auto-exploring this place.
 F = Levels seen in this place.
 G = Mean time per level.
                   A        B        C        D        E       F      G
               +--------+--------+--------+--------+--------+-----+--------+
         Total |   1793 |   1755 |     38 |    201 |   1246 |   3 |  597.7 |
       Dungeon |   1793 |   1755 |     38 |    201 |   1246 |   3 |  597.7 |
               +--------+--------+--------+--------+--------+-----+--------+

Top non-repeatable levels by time:
     D:1: 892 daAuts
     D:2: 845 daAuts
     D:3: 55 daAuts
